[Event "Hetauda Cup Asian Open 2023"]
[Site "Hetauda"]
[Date "2023.11.29"]
[Round "1.1"]
[White "Subhayan Kundu"]
[Black "Abhinav Chauhan"]
[Result "1-0"]
[ECO "B38"]
[WhiteElo "2393"]
[BlackElo "1471"]
[Annotator "RC"]
[PlyCount "63"]
[EventDate "2023.11.28"]
[EventType "swiss"]
[EventCountry "NEP"]
[SourceTitle "playchess.com"]
[Source "ChessBase"]
[SourceQuality "1"]
[TimeControl "5400+30"]

1. e4 c5 2. Nf3 d6 3. d4 cxd4 4. Nxd4 Nf6 5. f3 g6 6. c4 Bg7 7. Nc3 Nc6 8. Be3 O-O 9. Qd2 Be6 10. Rc1 Rc8 11. b3 Qa5 12. Be2 Nd7 13. f4 Nc5 14. Bf3 Bd7 15. Nde2 Rcd8 16. O-O f5 17. exf5 Bxf5 18. Kh1 Kh8 19. Ng3 Bc8 20. Rfd1 Ne6 21. Nge2 Bh6 22. Qb2 Bg7 23. a3 Qf5 24. b4 a6 25. Qd2 Nc7 26. Bb6 Rd7 27. h3 h5 28. Nd5 Ne6 29. Be3 Rdd8 30. b5 axb5 31. cxb5 Nb8 32. Nxe7 1-0

[Event "Hetauda Cup Asian Open 2023"]
[Site "Hetauda"]
[Date "2023.11.29"]
[Round "2.1"]
[White "Ashish Raj"]
[Black "Subhayan Kundu"]
[Result "0-1"]
[ECO "C01"]
[WhiteElo "1662"]
[BlackElo "2393"]
[Annotator "RC"]
[PlyCount "66"]
[EventDate "2023.11.28"]
[EventType "swiss"]
[EventCountry "NEP"]
[SourceTitle "playchess.com"]
[Source "ChessBase"]
[SourceQuality "1"]
[TimeControl "5400+30"]

1. e4 e6 2. d4 d5 3. Bd3 c5 4. exd5 exd5 5. Nf3 c4 6. Be2 Nf6 7. b3 cxb3 8. axb3 Nc6 9. O-O Be7 10. c4 O-O 11. Na3 Bf5 12. Ne5 Nb4 13. Nd3 dxc4 14. Nxb4 Bxb4 15. Nxc4 Ne4 16. Bb2 Nc3 17. Qd2 Qxd4 18. Qxd4 Nxe2+ 19. Kh1 Nxd4 20. Bxd4 a5 21. Rfc1 Rfc8 22. Nb6 Rxc1+ 23. Rxc1 Rd8 24. Be3 Bc2 25. h3 Bxb3 26. Rb1 Rd1+ 27. Rxd1 Bxd1 28. Nd5 Bd6 29. Bd4 a4 30. Kg1 a3 31. Kf1 a2 32. Ke1 Bb3 33. Ne3 f6 0-1

[Event "Hetauda Cup Asian Open 2023"]
[Site "Hetauda"]
[Date "2023.11.29"]
[Round "2.2"]
[White "Mohammad Minhaz Uddin"]
[Black "Akshat Negi"]
[Result "1-0"]
[ECO "C84"]
[WhiteElo "2217"]
[BlackElo "1672"]
[Annotator "RC"]
[PlyCount "67"]
[EventDate "2023.11.28"]
[EventType "swiss"]
[EventCountry "NEP"]
[SourceTitle "playchess.com"]
[Source "ChessBase"]
[SourceQuality "1"]
[TimeControl "5400+30"]

1. e4 e5 2. Nf3 Nc6 3. Bb5 Nf6 4. d3 d6 5. O-O Be7 6. c3 O-O 7. Nbd2 a6 8. Ba4 h6 9. Re1 b5 10. Bc2 Re8 11. Nf1 Bf8 12. a4 Rb8 13. h3 Ne7 14. axb5 axb5 15. d4 Ng6 16. Ng3 c5 17. Be3 Bb7 18. dxc5 dxc5 19. Qxd8 Rexd8 20. Ra7 Ne8 21. h4 f6 22. h5 Nh8 23. Nh4 Nc7 24. Bb3+ Kh7 25. Nhf5 Rd7 26. Bd1 Ne6 27. Bg4 Bc8 28. Rxd7 Bxd7 29. Rd1 Rb7 30. Nd6 Rb6 31. Nc4 bxc4 32. Rxd7 Nf4 33. Rd8 Kg8 34. Rxf8+ 1-0

[Event "Hetauda Cup Asian Open 2023"]
[Site "Hetauda"]
[Date "2023.11.30"]
[Round "3.1"]
[White "Subhayan Kundu"]
[Black "Silwal, Purushottam"]
[Result "1-0"]
[ECO "B38"]
[WhiteElo "2393"]
[BlackElo "1897"]
[Annotator "RC"]
[PlyCount "69"]
[EventDate "2023.11.28"]
[EventType "swiss"]
[EventCountry "NEP"]
[SourceTitle "playchess.com"]
[Source "ChessBase"]
[SourceQuality "1"]
[TimeControl "5400+30"]

1. e4 c5 2. Nf3 Nc6 3. d4 cxd4 4. Nxd4 g6 5. c4 Bg7 6. Be3 Nf6 7. Nc3 O-O 8. Be2 d6 9. O-O Nxd4 10. Bxd4 Bd7 11. Re1 Bc6 12. Qc2 a5 13. b3 Nd7 14. Bxg7 Kxg7 15. Rad1 Qb6 16. Bf1 a4 17. Qb2 Kg8 18. b4 Ne5 19. a3 Rfd8 20. h3 e6 21. Kh1 Be8 22. f4 Nc6 23. Nb5 Na7 24. Rxd6 Rxd6 25. c5 Nxb5 26. cxb6 Rxb6 27. Qf2 Rba6 28. f5 Rc8 29. Qf4 exf5 30. exf5 Bd7 31. Re7 Rf6 32. Rxd7 Rxf5 33. Qxf5 gxf5 34. Bxb5 Rc3 35. Rd3 1-0

[Event "Hetauda Cup Asian Open 2023"]
[Site "Hetauda"]
[Date "2023.11.30"]
[Round "3.2"]
[White "Dahal, Sushrut"]
[Black "Mohammad Minhaz Uddin"]
[Result "0-1"]
[ECO "D00"]
[WhiteElo "1865"]
[BlackElo "2217"]
[Annotator "RC"]
[PlyCount "50"]
[EventDate "2023.11.28"]
[EventType "swiss"]
[EventCountry "NEP"]
[SourceTitle "playchess.com"]
[Source "ChessBase"]
[SourceQuality "1"]
[TimeControl "5400+30"]

1. d4 Nf6 2. Nc3 d5 3. Bf4 a6 4. e3 e6 5. a3 c5 6. Be2 Nc6 7. Nf3 b6 8. Ne5 Bb7 9. g4 b5 10. g5 Nd7 11. Nxc6 Bxc6 12. Rg1 g6 13. h4 h5 14. Nb1 Qe7 15. c3 Bg7 16. Bg3 e5 17. dxc5 Nxc5 18. Qc2 O-O 19. Nd2 Rac8 20. Nb3 d4 21. exd4 Nxb3 22. Qxb3 exd4 23. Kf1 Rfe8 24. Bd3 dxc3 25. bxc3 Qd7 0-1

[Event "Hetauda Cup Asian Open 2023"]
[Site "Hetauda"]
[Date "2023.11.30"]
[Round "4.1"]
[White "Choubey Saurabh"]
[Black "Subhayan Kundu"]
[Result "0-1"]
[ECO "A89"]
[WhiteElo "1976"]
[BlackElo "2393"]
[Annotator "RC"]
[PlyCount "120"]
[EventDate "2023.11.28"]
[EventType "swiss"]
[EventCountry "NEP"]
[SourceTitle "playchess.com"]
[Source "ChessBase"]
[SourceQuality "1"]
[TimeControl "5400+30"]

1. d4 f5 2. c4 Nf6 3. g3 g6 4. Bg2 Bg7 5. Nc3 O-O 6. Nf3 d6 7. O-O Nc6 8. d5 Na5 9. Qd3 e5 10. dxe6 Bxe6 11. b3 Nc6 12. Bb2 h6 13. Nd4 Bd7 14. Nd5 Ne5 15. Qc2 c6 16. Nf4 Re8 17. Rad1 g5 18. Nd3 Nf7 19. e3 Qe7 20. Nc1 Ne4 21. Nf3 a5 22. Bxg7 Kxg7 23. Ne2 Qf6 24. Nd2 Nc5 25. a3 f4 26. gxf4 Bf5 27. e4 gxf4 28. Nxf4 Bg4 29. f3 Qxf4 30. fxg4 Qxg4 31. Rf3 Qh5 32. Rdf1 Ne5 33. Rg3+ Kh7 34. Nf3 Rg8 35. Nxe5 Qxe5 36. Rf7+ Kh8 37. Qd2 Rg5 38. Rxg5 hxg5 39. Qd1 Kg8 40. Qh5 Qa1+ 41. Kf2 Qd4+ 42. Kg3 Nxe4+ 43. Bxe4 Qxe4 44. Rf3 Qh4+ 45. Qxh4 gxh4+ 46. Kxh4 a4 47. Kg5 Kg7 48. Rd3 Kf7 49. Rxd6 axb3 50. Rd7+ Ke6 51. Rxb7 Rxa3 52. h4 Kd6 53. h5 Kc5 54. h6 Kxc4 55. Rb8 Ra7 56. Kg6 c5 57. h7 Rxh7 58. Kxh7 Kc3 59. Kg6 c4 60. Kf6 Kb2 0-1

[Event "Hetauda Cup Asian Open 2023"]
[Site "Hetauda"]
[Date "2023.11.30"]
[Round "4.2"]
[White "Mohammad Minhaz Uddin"]
[Black "Singh, Arvinder Preet"]
[Result "1-0"]
[ECO "B59"]
[WhiteElo "2217"]
[BlackElo "2040"]
[Annotator "RC"]
[PlyCount "105"]
[EventDate "2023.11.28"]
[EventType "swiss"]
[EventCountry "NEP"]
[SourceTitle "playchess.com"]
[Source "ChessBase"]
[SourceQuality "1"]
[TimeControl "5400+30"]

1. e4 c5 2. Nf3 Nc6 3. d4 cxd4 4. Nxd4 Nf6 5. Nc3 d6 6. Be2 e5 7. Nb3 Be7 8. Bg5 Be6 9. O-O O-O 10. Bxf6 Bxf6 11. Nd5 Bxd5 12. Qxd5 Qc7 13. c3 Rfd8 14. Bc4 Rac8 15. Nd2 Na5 16. Bb3 Bg5 17. Nf3 Bh6 18. Rfd1 b6 19. Qd3 Nxb3 20. axb3 a5 21. Qe2 g6 22. Rd5 Bf8 23. Rad1 Re8 24. Nd2 Re6 25. Qa6 f5 26. Rb5 Rb8 27. exf5 gxf5 28. Nc4 Rg6 29. Rxb6 f4 30. Rxb8 Qxb8 31. Nd2 d5 32. Qxa5 Qb7 33. c4 dxc4 34. g3 fxg3 35. hxg3 cxb3 36. Re1 Rh6 37. Re4 Qc6 38. Qxe5 Qc1+ 39. Nf1 Qd1 40. Rf4 Qd7 41. Qb8 Qe7 42. Qxb3+ Kh8 43. Qb8 Kg7 44. Ne3 Rf6 45. Nf5+ Rxf5 46. Rxf5 Qe1+ 47. Kh2 Be7 48. Qe8 Qe6 49. Rf3 Qh6+ 50. Kg2 Bf6 51. Qd7+ Kg8 52. Qe6+ Kg7 53. Qxf6+ 1-0

[Event "Hetauda Cup Asian Open 2023"]
[Site "Hetauda"]
[Date "2023.12.01"]
[Round "5.1"]
[White "Subhayan Kundu"]
[Black "Mohammad Minhaz Uddin"]
[Result "1/2-1/2"]
[ECO "C27"]
[WhiteElo "2393"]
[BlackElo "2217"]
[Annotator "RC"]
[PlyCount "47"]
[EventDate "2023.11.28"]
[EventType "swiss"]
[EventCountry "NEP"]
[SourceTitle "playchess.com"]
[Source "ChessBase"]
[SourceQuality "1"]
[TimeControl "5400+30"]

1. e4 e5 2. Bc4 Nf6 3. Nc3 Nxe4 4. Qh5 Nd6 5. Qxe5+ Qe7 6. Qxe7+ Bxe7 7. Be2 O-O 8. Nf3 c6 9. d4 Ne8 10. d5 d6 11. Bf4 c5 12. O-O-O f6 13. Rhe1 Nd7 14. Bg3 Rf7 15. Nd2 f5 16. Bd3 Kf8 17. f4 Nb6 18. a4 Bd7 19. a5 Nc8 20. Kb1 Kg8 21. Kc1 Kf8 22. Kb1 Kg8 23. Kc1 Kf8 24. Kb1 1/2-1/2

[Event "Hetauda Cup Asian Open 2023"]
[Site "Hetauda"]
[Date "2023.12.01"]
[Round "5.2"]
[White "Bartakke, Amardeep S."]
[Black "Nayem, Haque"]
[Result "0-1"]
[ECO "C70"]
[WhiteElo "1963"]
[BlackElo "2053"]
[Annotator "RC"]
[PlyCount "107"]
[EventDate "2023.11.28"]
[EventType "swiss"]
[EventCountry "NEP"]
[SourceTitle "playchess.com"]
[Source "ChessBase"]
[SourceQuality "1"]
[TimeControl "5400+30"]

1. e4 e5 2. Nf3 Nc6 3. Bb5 a6 4. Ba4 f5 5. d3 d6 6. Nc3 Be7 7. Bb3 f4 8. Nd5 Bg4 9. c3 Nf6 10. a3 Qd7 11. Bd2 Nxd5 12. Bxd5 Bf6 13. Qb3 Nd8 14. Qc2 c6 15. Ba2 Bxf3 16. gxf3 Ne6 17. Bxe6 Qxe6 18. c4 O-O 19. Ba5 Rf7 20. Bb6 Rd7 21. O-O-O c5 22. Kb1 Qh3 23. Qe2 a5 24. Qd2 a4 25. Ba5 Qxf3 26. Bc3 Qh5 27. Rdg1 Qf7 28. f3 b5 29. Qe2 Rb7 30. Bd2 b4 31. axb4 cxb4 32. Bc1 b3 33. Rg4 a3 34. Rhg1 axb2 35. Bxb2 Ra2 36. Qd2 Rba7 37. Qb4 Qc7 38. Qb5 Kf8 39. Rc1 Ra8 40. Rc3 Rb8 41. Qd5 Qa7 42. Rg2 Qc5 43. Qxc5 dxc5 44. Rd2 Ra6 45. Rc1 Kf7 46. Bc3 Ke6 47. Rb2 Bh4 48. Rg1 g6 49. Rgg2 Rd6 50. Rg4 Rxd3 51. Rd2 Rxc3 52. Rxh4 h5 53. Rg2 Kf6 54. Rd2 0-1

[Event "Hetauda Cup Asian Open 2023"]
[Site "Hetauda"]
[Date "2023.12.01"]
[Round "5.3"]
[White "Majumder Shrayan"]
[Black "Gurung, Rahul"]
[Result "0-1"]
[ECO "D36"]
[WhiteElo "1921"]
[BlackElo "2030"]
[Annotator "RC"]
[PlyCount "63"]
[EventDate "2023.11.28"]
[EventType "swiss"]
[EventCountry "NEP"]
[SourceTitle "playchess.com"]
[Source "ChessBase"]
[SourceQuality "1"]
[TimeControl "5400+30"]

1. d4 d5 2. c4 e6 3. Nc3 Nf6 4. cxd5 exd5 5. Bg5 Nbd7 6. e3 c6 7. Bd3 Be7 8. Qc2 h6 9. Bf4 Nh5 10. Nf3 Nxf4 11. exf4 O-O 12. O-O-O Nf6 13. h3 Bb4 14. Kb1 Bxc3 15. Qxc3 Ne4 16. Qc2 Qf6 17. g3 Bf5 18. Ne5 Nd6 19. Ng4 Qg6 20. Ne5 Bxd3 21. Rxd3 Qf5 22. Rdd1 Qxc2+ 23. Kxc2 f6 24. Nd3 Rfe8 25. Rhe1 Nb5 26. Rxe8+ Rxe8 27. Nc1 Kf7 28. Kd3 b6 29. Nb3 Rc8 30. Nd2 Nd6 31. Ke3 Re8+ 32. Kf3 0-1

[Event "Hetauda Cup Asian Open 2023"]
[Site "Hetauda"]
[Date "2023.12.02"]
[Round "6.1"]
[White "Nayem, Haque"]
[Black "Subhayan Kundu"]
[Result "1/2-1/2"]
[ECO "C58"]
[WhiteElo "2053"]
[BlackElo "2393"]
[Annotator "RC"]
[PlyCount "80"]
[EventDate "2023.11.28"]
[EventType "swiss"]
[EventCountry "NEP"]
[SourceTitle "playchess.com"]
[Source "ChessBase"]
[SourceQuality "1"]
[TimeControl "5400+30"]

1. e4 e5 2. Nf3 Nc6 3. Bc4 Nf6 4. Ng5 d5 5. exd5 Na5 6. Bb5+ c6 7. dxc6 bxc6 8. Bd3 Nd5 9. Nf3 Bd6 10. O-O Nf4 11. Re1 Nxd3 12. cxd3 O-O 13. Nc3 Re8 14. Ne4 Bf8 15. Ng3 c5 16. Nxe5 Bb7 17. Re3 Qd5 18. Nf3 c4 19. d4 Nc6 20. d3 Nxd4 21. dxc4 Nxf3+ 22. Qxf3 Qd7 23. Qe2 Qc6 24. Qf1 Rad8 25. Rf3 Qc8 26. Re3 Qc6 27. Rf3 Bc5 28. Be3 Bxe3 29. Rxe3 Rxe3 30. fxe3 Rd2 31. e4 h5 32. Rd1 Qb6+ 33. Kh1 Rf2 34. Qd3 Qxb2 35. Qd8+ Kh7 36. Qg5 g6 37. Nf5 gxf5 38. Qxh5+ Kg7 39. Qg5+ Kh7 40. Qh5+ Kg7 1/2-1/2

[Event "Hetauda Cup Asian Open 2023"]
[Site "Hetauda"]
[Date "2023.12.02"]
[Round "6.2"]
[White "Gurung, Rahul"]
[Black "Mohammad Minhaz Uddin"]
[Result "1/2-1/2"]
[ECO "C43"]
[WhiteElo "2030"]
[BlackElo "2217"]
[Annotator "RC"]
[PlyCount "53"]
[EventDate "2023.11.28"]
[EventType "swiss"]
[EventCountry "NEP"]
[SourceTitle "playchess.com"]
[Source "ChessBase"]
[SourceQuality "1"]
[TimeControl "5400+30"]

1. e4 e5 2. Nf3 Nf6 3. d4 Nxe4 4. dxe5 d5 5. Nbd2 Nc6 6. Nxe4 dxe4 7. Qxd8+ Nxd8 8. Nd4 a6 9. Be3 g6 10. Bc4 Bg7 11. Bf4 c5 12. Nb3 Be6 13. Nd2 b5 14. Bxe6 Nxe6 15. Bg3 h5 16. h3 Nd4 17. O-O-O e3 18. Ne4 Ne2+ 19. Kb1 Nxg3 20. fxg3 O-O 21. Nxc5 Bxe5 22. Rhe1 Bxg3 23. Rxe3 Bf2 24. Re5 Bxc5 25. Rxc5 Rfe8 26. Rcd5 Re2 27. R5d2 1/2-1/2

[Event "Hetauda Cup Asian Open 2023"]
[Site "Hetauda"]
[Date "2023.12.02"]
[Round "7.1"]
[White "Subhayan Kundu"]
[Black "Gurung, Rahul"]
[Result "1-0"]
[ECO "B11"]
[WhiteElo "2393"]
[BlackElo "2030"]
[Annotator "RC"]
[PlyCount "31"]
[EventDate "2023.11.28"]
[EventType "swiss"]
[EventCountry "NEP"]
[SourceTitle "playchess.com"]
[Source "ChessBase"]
[SourceQuality "1"]
[TimeControl "5400+30"]

1. e4 c6 2. Nc3 d5 3. Nf3 Bg4 4. h3 Bxf3 5. Qxf3 e6 6. g3 Bd6 7. Bg2 Nf6 8. O-O d4 9. Ne2 e5 10. c3 c5 11. cxd4 cxd4 12. Nxd4 Bc7 13. Nf5 O-O 14. d4 Nc6 15. d5 Nb4 16. Bg5 1-0

[Event "Hetauda Cup Asian Open 2023"]
[Site "Hetauda"]
[Date "2023.12.02"]
[Round "7.2"]
[White "Mohammad Minhaz Uddin"]
[Black "Choubey Saurabh"]
[Result "1-0"]
[ECO "B33"]
[WhiteElo "2217"]
[BlackElo "1976"]
[Annotator "RC"]
[PlyCount "81"]
[EventDate "2023.11.28"]
[EventType "swiss"]
[EventCountry "NEP"]
[SourceTitle "playchess.com"]
[Source "ChessBase"]
[SourceQuality "1"]
[TimeControl "5400+30"]

1. e4 c5 2. Nf3 Nc6 3. d4 cxd4 4. Nxd4 Nf6 5. Nc3 e5 6. Ndb5 d6 7. Bg5 a6 8. Na3 b5 9. Nd5 Be7 10. Bxf6 Bxf6 11. c4 b4 12. Nc2 O-O 13. h4 g6 14. g3 Be6 15. Qd3 Bg7 16. Bg2 Qa5 17. O-O Rab8 18. b3 Bxd5 19. cxd5 Nd4 20. Nxd4 exd4 21. Rfc1 Qb5 22. Qxb5 axb5 23. Rc6 Rfd8 24. Bf1 Rd7 25. Rac1 Bf8 26. Ra6 Be7 27. Bh3 Rdd8 28. Rc7 Bf6 29. Bf1 d3 30. Bxd3 Bd4 31. Rcc6 Rdc8 32. Bxb5 f5 33. exf5 gxf5 34. Kg2 Rf8 35. Rc4 Bxf2 36. Kxf2 Rxb5 37. Rxd6 Ra8 38. Kf3 Rb7 39. Kf4 Rxa2 40. Kxf5 Rf7+ 41. Rf6 1-0

[Event "Hetauda Cup Asian Open 2023"]
[Site "Hetauda"]
[Date "2023.12.02"]
[Round "8.1"]
[White "Ahmed, Sheikh Nasir"]
[Black "Subhayan Kundu"]
[Result "1/2-1/2"]
[ECO "A13"]
[WhiteElo "2193"]
[BlackElo "2393"]
[Annotator "RC"]
[PlyCount "40"]
[EventDate "2023.11.28"]
[EventType "swiss"]
[EventCountry "NEP"]
[SourceTitle "playchess.com"]
[Source "ChessBase"]
[SourceQuality "1"]
[TimeControl "5400+30"]

1. c4 e6 2. g3 d5 3. Bg2 d4 4. Nf3 Nc6 5. d3 Nf6 6. O-O Bc5 7. e3 O-O 8. exd4 Nxd4 9. Nc3 Nxf3+ 10. Qxf3 c6 11. Rb1 e5 12. h3 a5 13. Be3 Qe7 14. Rfe1 Be6 15. Bxc5 Qxc5 16. Qe3 Nd7 17. Rbd1 Rfd8 18. b3 Qd4 19. Ne2 Qxe3 20. fxe3 a4 1/2-1/2